 Dungeon Crawl Stone Soup version 0.17.0-22-g5edae84 (webtiles) character file.

6125 Peloso the Blocker (level 10, -17/89 HPs)
             Began as a Minotaur Fighter on Nov 13, 2015.
             Was a Priest of Okawaru.
             Killed from afar by a raiju (18 damage)
             ... with a living lightning
             ... on level 1 of the Abyss.
             The game lasted 00:49:58 (9417 turns).

Peloso the Blocker (Minotaur Fighter)               Turns: 9417, Time: 00:49:58

Health: -17/89     AC: 19    Str: 22    XL:     10   Next: 59%
Magic:  9/9        EV:  9    Int:  5    God:    Okawaru [***...]
Gold:   513        SH: 12    Dex: 12    Spells: 0 memorised, 9 levels left

rFire  . . .     SeeInvis .     K - +2 falchion (freeze)
rCold  . . .     Clarity  .     f - +0 plate armour
rNeg   . . .     SustAt   .     c - +0 shield
rPois  .         Gourm    .     (helmet restricted)
rElec  .         Spirit   .     i - +0 cloak
rCorr  .         Warding  .     E - +2 pair of gloves
rMut   .         Stasis   .     L - +0 pair of boots
MR     +....                    (no amulet)
Stlth  ..........               h - ring of protection from magic
                                (no ring)

@: somewhat resistant to hostile enchantments, extremely unstealthy
A: retaliatory headbutt, horns 2
a: Heroism, Renounce Religion


You were on level 1 of the Abyss.
You worshipped Okawaru.
Okawaru was most pleased with you.
You were not hungry.

You visited 2 branches of the dungeon, and saw 10 of its levels.
You visited the Abyss 1 time.

You collected 513 gold pieces.

Inventory:

Hand Weapons
 a - a +1 long sword
 K - a +2 falchion of freezing (weapon)
 Q - a +1 dagger of flaming
Armour
 c - a +0 shield (worn)
 f - a +0 plate armour (worn)
 i - a +0 cloak (worn)
 E - a +2 pair of gloves (worn)
 F - a +0 chain mail
 H - the +3 ring mail of Refuge {*Corrode +Fly rN++ MR+}
   (You found it on level 5 of the Dungeon)

   It greatly protects you from negative energy.
   It affects your resistance to hostile enchantments.
   It lets you fly.
   It may corrode your equipment when you take damage.
 J - the +0 robe "Junt" {Str+4}
   (You took it off a gnoll on level 5 of the Dungeon)

   It affects your strength (+4).
 L - a +0 pair of boots (worn)
Jewellery
 h - a ring of protection from magic (right hand)
Wands
 b - a wand of digging (3)
 m - a wand of lightning (8)
 G - a wand of disintegration (14)
Scrolls
 k - 2 scrolls of magic mapping
 l - 8 scrolls of identify
 r - a scroll of enchant weapon
 u - a scroll of teleportation
 y - a scroll of amnesia
 C - a scroll of remove curse
 O - a scroll of silence
Potions
 d - a potion of lignification {unknown}
 n - 5 potions of agility {unknown}
 q - a potion of haste {unknown}
 s - 2 potions of mutation {unknown}
 t - 3 potions of heal wounds {unknown}
 w - 2 potions of beneficial mutation {unknown}
 A - 2 potions of ambrosia {unknown}
 B - a potion of berserk rage {unknown}
 D - a potion of brilliance {unknown}
 M - 2 potions of cure mutation {unknown}
 N - 2 potions of poison {unknown}
Books
 x - a book of Changes

   Spells                             Type                      Level
   a - Beastly Appendage              Transmutation                1
   b - Sticks to Snakes               Transmutation                2
   c - Spider Form                    Transmutation/Poison         3
   d - Ice Form                       Ice/Transmutation            4
   e - Blade Hands                    Transmutation                5
 I - a book of Power

   Spells                             Type                      Level
   a - Fulminant Prism                Conjuration/Hexes            4
   b - Iskenderun's Mystic Blast      Conjuration                  4
   c - Venom Bolt                     Conjuration/Poison           5
   d - Bolt of Magma                  Conjuration/Fire/Earth       5
   e - Iron Shot                      Conjuration/Earth            6
   f - Orb of Destruction             Conjuration                  7
   g - Spellforged Servitor           Conjuration/Summoning        7
Comestibles
 e - 8 bread rations
 g - a slice of pizza
 j - 3 beef jerkies
 o - a royal jelly
 p - 5 meat rations
 v - 2 fruits


   Skills:
 + Level 8.3 Fighting
 + Level 8.4 Long Blades
 + Level 8.1 Armour
 + Level 8.8 Dodging
 + Level 1.6 Stealth
 + Level 10.3 Shields
 + Level 0.8 Invocations


You had 9 spell levels left.
You didn't know any spells.

Dungeon Overview and Level Annotations

Branches:
Dungeon (9/15)             Temple (1/1) D:4            Lair (0/8) D:8
    Orc (0/4) D:9

Altars:
Ashenzari
Cheibriados
Dithmenos
Elyvilon
Fedhas
Gozag
Kikubaaqudgha
Makhleb
Nemelex Xobeh
Okawaru
Qazlal
Ru
Sif Muna
Trog
Vehumet
Yredelemnul
Zin
The Shining One

Shops:
D:5 :   D:7 *

Annotations:
D:4 exclusion: oklob plant
D:9 Psyche


Innate Abilities, Weirdness & Mutations

You reflexively headbutt those who attack you in melee.
You have a pair of horns on your head.


Message History

The living lightning hits the raiju.
The raiju completely resists.
The living lightning hits you!
* * * LOW HITPOINT WARNING * * *
The raiju blinks!
You hit the raiju. You freeze the raiju. Your headbutt misses the raiju.
The raiju is moderately wounded.
The raiju bursts into living lightning!
The living lightning misses you. x2
The raiju blinks! x2
You hit the raiju but do no damage.
The raiju is moderately wounded.
The raiju bites you.
* * * LOW HITPOINT WARNING * * *
The raiju shocks you!
* * * LOW HITPOINT WARNING * * *
You closely miss the raiju.
The raiju is moderately wounded.
The raiju bursts into living lightning!
The living lightning hits you!
You die...

##..### ..# #
.# #.
##.##.#.....##
#.# # #..#. #
..# # .#
###.#..#..#.#
.. ..## #.#.
###.# .# ##
... #..### #
.. .. #.##...#
. #. .
#..#.###
#...##@.##
#.hh#...#
#......###
#..#.#.#.#
#..# ..##..#
#. #.# #.. .
#. .## .. .
)#. ..


You could see 2 raiju.

Vanquished Creatures
  A troll (D:9)
  Sigmund (D:5)
  2 hippogriffs
  A deep elf fighter (D:8)
  A hungry ghost (D:7)
  Duvessa (D:5)
  2 sky beasts
  A water moccasin (D:8)
  2 phantoms
  7 orc warriors
  9 ogres
  2 centaurs (D:8)
  A crocodile (D:8)
  7 giant frogs
  Blork the orc (D:5)
  6 gnoll sergeants
  4 big kobolds (D:9)
  2 scorpions
  Dowan (D:5)
  A jelly (D:9)
  5 giant frog zombies
  5 crimson imps
  A centaur skeleton (D:8)
  4 hounds
  3 giant frog skeletons
  4 orc priests
  12 worker ants
  Natasha (thrice) (D:4)
  4 iguanas
  7 orc wizards
  3 hound skeletons
  2 hound zombies
  4 river rats (D:8)
  A worker ant zombie (D:9)
  6 adders
  A shadow imp (D:5)
  10 gnolls
  An ooze (D:7)
  2 adder skeletons
  2 worms
  4 giant geckos
  51 orcs
  13 bats
  8 giant cockroaches
  5 goblins
  5 hobgoblins
  14 jackals
  2 quokkas
  3 ball pythons
  A giant gecko zombie (D:8)
  3 giant newts
  17 kobolds
  16 rats
275 creatures vanquished.

Vanquished Creatures (others)
  An orc wizard (D:9)
  A fungus (D:4)
2 creatures vanquished.

Grand Total: 277 creatures vanquished

Notes
Turn   | Place    | Note
--------------------------------------------------------------
     0 | D:1      | Peloso the Minotaur Fighter began the quest for the Orb.
     0 | D:1      | Reached XP level 1. HP: 19/19 MP: 0/0
   176 | D:1      | Reached XP level 2. HP: 25/27 MP: 1/1
   449 | D:1      | Reached skill level 4 in Armour
   838 | D:2      | Reached XP level 3. HP: 24/33 MP: 2/2
   839 | D:2      | Reached skill level 1 in Dodging
  1387 | D:3      | Reached XP level 4. HP: 40/40 MP: 3/3
  1677 | D:3      | Reached XP level 5. HP: 47/47 MP: 4/4
  2123 | D:4      | Reached skill level 5 in Armour
  2165 | D:4      | Reached XP level 6. HP: 12/53 MP: 5/5
  2467 | D:4      | Noticed Natasha
  2470 | D:4      | Noticed an ogre
  2479 | D:4      | Killed an ogre
  2479 | D:4      | Reached skill level 5 in Shields
  2482 | D:4      | Killed Natasha
  2482 | D:4      | Reached skill level 5 in Fighting
  2860 | D:4      | Noticed Natasha
  2865 | D:4      | Killed Natasha
  2888 | D:4      | Noticed an orc warrior
  2900 | D:4      | Killed an orc warrior
  2900 | D:4      | Reached XP level 7. HP: 34/61 MP: 6/6
  3077 | D:4      | Found a staircase to the Ecumenical Temple.
  3090 | Temple   | Entered the Ecumenical Temple
  3268 | D:4      | Found a blossoming altar of Fedhas.
  3278 | D:4      | Noticed an oklob plant
  3301 | D:4      | Reached skill level 6 in Armour
  3443 | D:4      | Noticed Natasha
  3448 | D:4      | Killed Natasha
  3631 | D:5      | Entered Level 5 of the Dungeon
  3765 | D:5      | Got a crude ring mail
  3776 | D:5      | Identified the +3 ring mail of Refuge {*Corrode +Fly rN++ MR+} (You found it on level 5 of the Dungeon)
  3799 | D:5      | Noticed Sigmund
  3800 | D:5      | Noticed Blork the orc
  3824 | D:5      | Killed Blork the orc
  3830 | D:5      | Killed Sigmund
  4091 | D:5      | Reached XP level 8. HP: 63/70 MP: 7/7
  4155 | D:5      | Noticed Duvessa
  4157 | D:5      | Noticed Dowan
  4164 | D:5      | Killed Dowan
  4164 | D:5      | Reached skill level 5 in Dodging
  4182 | D:5      | Reached skill level 5 in Long Blades
  4245 | D:5      | Killed Duvessa
  4251 | D:5      | Reached skill level 7 in Armour
  4320 | D:5      | Got an opalescent robe
  4331 | D:5      | Identified the +0 robe "Junt" {Str+4} (You took it off a gnoll on level 5 of the Dungeon)
  4555 | D:5      | Found Ibounuoh's Book Shop.
  5003 | D:6      | Reached XP level 9. HP: 78/78 MP: 8/8
  5259 | D:6      | Found an iron altar of Okawaru.
  5293 | D:6      | Became a worshipper of Warmaster Okawaru
  5664 | D:7      | Reached skill level 8 in Shields
  5682 | D:7      | Found Benlay's Assorted Antiques.
  6363 | D:7      | You fall through a shaft!
  6367 | D:8      | Reached * piety under Okawaru
  6624 | D:8      | HP: 3/80 [crocodile (15)]
  6850 | D:8      | Reached skill level 1 in Stealth
  6875 | D:8      | Found a deep blue altar of Sif Muna.
  6879 | D:8      | Found a stormy altar of Qazlal.
  6884 | D:8      | Found a snail-covered altar of Cheibriados.
  7099 | D:8      | Reached skill level 9 in Shields
  7522 | D:8      | Found a staircase to the Lair.
  7911 | D:8      | Reached XP level 10. HP: 71/88 MP: 9/9
  8312 | D:9      | Found a staircase to the Orcish Mines.
  8343 | D:9      | Reached ** piety under Okawaru
  8780 | D:9      | Reached skill level 10 in Shields
  9257 | D:9      | Reached *** piety under Okawaru
  9317 | D:9      | Noticed Psyche
  9324 | D:9      | Paralysed by Psyche for 2 turns
  9346 | D:9      | Cast into the Abyss (Psyche)
  9416 | Abyss:1  | HP: 1/89 [raiju (7)]
  9417 | Abyss:1  | Killed from afar by a raiju

Action                   |  1- 3 |  4- 6 |  7- 9 | 10-12 || total
-------------------------+-------+-------+-------+-------++-------
Melee: Long sword        |   117 |    98 |   460 |   206 ||   881
       Falchion          |       |       |       |    56 ||    56
Invok: Heroism           |       |       |       |     1 ||     1
  Use: Scroll            |     2 |       |     1 |     8 ||    11
       Potion            |       |     1 |     2 |     1 ||     4
 Stab: Sleeping          |       |       |     2 |       ||     2
  Eat: Chunk             |     2 |     5 |    19 |     5 ||    31
